[Event "ICC tourney 2050 (75 10)"]
[Site "Internet Chess Club"]
[Date "2020.10.10"]
[Round "3"]
[White "shianen"]
[Black "Suraj240704"]
[Result "1/2-1/2"]
[ICCResult "Game drawn by mutual agreement"]
[WhiteElo "2204"]
[BlackElo "2179"]
[Opening "King's Indian: orthodox, Aronin-Taimanov, Benkö attack"]
[ECO "E99"]
[NIC "KI.02"]
[Time "14:46:49"]
[TimeControl "4500+10"]

1. d4 Nf6 2. c4 g6 3. Nc3 Bg7 4. e4 O-O 5. Nf3 d6 6. Be2 e5 7. O-O Nc6 8. d5
Ne7 9. Ne1 Nd7 10. f3 f5 11. g4 Nf6 12. Nd3 c5 13. Rb1 Bd7 14. Nf2 Ne8 15.
a3 Nc7 16. b4 b6 17. Nd3 Qc8 18. bxc5 bxc5 19. Nxc5 Nb5 20. Nxb5 Qxc5+ 21.
Kg2 Rab8 22. Bd2 Bxb5 23. cxb5 fxe4 24. fxe4 Rxf1 25. Qxf1 Qc2 26. Qd1 Qxe4+
27. Bf3 Qd4 28. Bg5 Qxd1 29. Rxd1 Bf8 30. Bxe7 {Game drawn by mutual
agreement} 1/2-1/2

[Event "ICC tourney 2050 (75 10)"]
[Site "Internet Chess Club"]
[Date "2020.10.10"]
[Round "3"]
[White "tacticsalk"]
[Black "pangpangba"]
[Result "1-0"]
[ICCResult "Black resigns"]
[WhiteElo "2318"]
[BlackElo "1644"]
[Opening "QGD: Ragozin variation"]
[ECO "D38"]
[NIC "NI.27"]
[Time "14:46:46"]
[TimeControl "4500+10"]

1. d4 Nf6 2. c4 e6 3. Nf3 d5 4. Nc3 Bb4 5. Qa4+ Nc6 6. e3 Bd7 7. Qc2 O-O 8.
a3 Bxc3+ 9. Qxc3 Ne7 10. Bd3 dxc4 11. Bxc4 Bc6 12. O-O Bxf3 13. gxf3 Nf5 14.
Kh1 Nd5 15. Qc2 Nb6 16. Bd3 Qd7 17. b3 h6 18. Bb2 Rfd8 19. Rg1 g6 20. Rad1
Kh7 21. Be2 Qe7 22. e4 Ng7 23. Qc5 Qxc5 24. dxc5 Nd7 25. b4 Nh5 26. Rd2 Ndf6
27. Rgd1 Rxd2 28. Rxd2 Kg7 29. Rd7 Rc8 30. Be5 Kf8 31. Rxc7 Rxc7 32. Bxc7
Ke7 33. Bb8 Nd7 34. Bxa7 Kd8 35. a4 Nf4 36. Bb5 Ne5 37. Bb8 Ned3 38. Bxf4
Nxf4 39. a5 e5 40. c6 bxc6 41. Bxc6 Nd3 42. a6 Kc7 43. a7 {Black resigns}
1-0

[Event "ICC tourney 2050 (75 10)"]
[Site "Internet Chess Club"]
[Date "2020.10.10"]
[Round "3"]
[White "NyzhnykIllia"]
[Black "TjkTiger"]
[Result "1/2-1/2"]
[ICCResult "Game drawn by mutual agreement"]
[WhiteElo "2710"]
[BlackElo "2605"]
[Opening "Queen's pawn: London system"]
[ECO "A45"]
[NIC "QP.07"]
[Time "14:48:56"]
[TimeControl "4500+10"]

1. d4 Nf6 2. Bf4 c5 3. dxc5 Na6 4. Qd4 Qa5+ 5. Nc3 Nxc5 6. Qd2 Qb6 7. f3 Ne6
8. Bg3 Qxb2 9. Rb1 Qa3 10. e4 g6 11. Bc4 Bh6 12. Qd3 Nf4 13. Bxf4 Bxf4 14.
Nge2 Bc7 15. f4 Bb6 16. h3 d6 17. g4 O-O 18. g5 Nh5 19. Nd5 Qxd3 20. Nxe7+
Kg7 21. cxd3 Be6 22. Nd5 Bxd5 23. Bxd5 f6 24. gxf6+ Rxf6 25. Rf1 Raf8 26. f5
gxf5 27. Rxf5 Rxf5 28. exf5 Rxf5 29. Bxb7 Re5 30. Kd2 Ba5+ 31. Kd1 Nf6 32.
d4 Rf5 33. Rb3 d5 34. Re3 Bb4 35. Kc2 Rf2 {Game drawn by mutual agreement}
1/2-1/2

[Event "ICC tourney 2050 (75 10)"]
[Site "Internet Chess Club"]
[Date "2020.10.10"]
[Round "3"]
[White "kpthomas"]
[Black "tcao"]
[Result "1/2-1/2"]
[ICCResult "Game drawn by mutual agreement"]
[WhiteElo "2123"]
[BlackElo "2062"]
[Opening "English: four knights, 4.e3"]
[ECO "A28"]
[NIC "EO.05"]
[Time "14:46:53"]
[TimeControl "4500+10"]

1. c4 e5 2. Nc3 Nf6 3. Nf3 Nc6 4. e3 Bb4 5. Qc2 O-O 6. Nd5 Nxd5 7. cxd5 Ne7
8. Nxe5 Nxd5 9. a3 Be7 10. Bd3 h6 11. b4 d6 12. Nf3 Bf6 13. Bb2 b6 14. O-O
Bb7 15. Be2 Bxb2 16. Qxb2 c5 17. d4 Rc8 18. Rfc1 Ba8 19. dxc5 dxc5 20. bxc5
bxc5 21. Rc2 Nb6 22. Rd1 Qe7 23. Qe5 Qxe5 24. Nxe5 Rfe8 25. Nc4 Nxc4 26.
Bxc4 Kf8 27. Rd7 Re7 28. Rcd2 Bc6 29. Rd8+ Rxd8 30. Rxd8+ Re8 31. Rxe8+
{Game drawn by mutual agreement}
1/2-1/2

[Event "ICC tourney 2050 (75 10)"]
[Site "Internet Chess Club"]
[Date "2020.10.10"]
[Round "3"]
[White "erickzhao"]
[Black "kurumania"]
[Result "0-1"]
[ICCResult "White resigns"]
[WhiteElo "2303"]
[BlackElo "2534"]
[Opening "Sicilian: Taimanov variation"]
[ECO "B49"]
[NIC "SI.40"]
[Time "14:46:52"]
[TimeControl "4500+10"]

1. e4 c5 2. Nf3 e6 3. d4 cxd4 4. Nxd4 Nc6 5. Nc3 Qc7 6. Be3 a6 7. Be2 Nf6 8.
O-O Be7 9. f4 d6 10. a4 O-O 11. Bf3 Rd8 12. g4 e5 13. Nf5 Bxf5 14. gxf5 d5
15. Nxd5 Nxd5 16. exd5 exf4 17. Bf2 Ne5 18. Be4 Nc4 19. b3 Ne3 20. Bxe3 fxe3
21. Qf3 Bc5 22. Kh1 Qe5 23. Rae1 Re8 24. Bd3 Rad8 25. Bc4 Rd6 26. Re2 Rh6
27. Rg2 Bd6 28. Qe2 Qd4 29. Rf3 Kf8 30. h3 Bc5 31. Rfg3 Re4 32. Rf3 Bd6 33.
Rg1 Reh4 34. Kg2 Rg4+ 35. hxg4 Rh2+ 36. Kf1 Rxe2 37. Bxe2 Qd2 38. c4 Bb4 39.
Rh3 Qe1+ 40. Kg2 Qxe2+ 41. Kh1 Qf2 42. Rxh7 Qf3+ 43. Kh2 Bd6+ {White
resigns} 0-1

[Event "ICC tourney 2050 (75 10)"]
[Site "Internet Chess Club"]
[Date "2020.10.10"]
[Round "3"]
[White "MiamiDude"]
[Black "creepycrawlies"]
[Result "1/2-1/2"]
[ICCResult "Game drawn by mutual agreement"]
[WhiteElo "2412"]
[BlackElo "2152"]
[Opening "Sicilian: Najdorf"]
[ECO "B90"]
[NIC "SI.14"]
[Time "14:46:47"]
[TimeControl "4500+10"]

1. e4 c5 2. Nf3 d6 3. d4 cxd4 4. Nxd4 Nf6 5. Nc3 a6 6. f3 e5 7. Nb3 Be6 8.
Be3 Nbd7 9. Qd2 b5 10. g4 b4 11. Nd5 Bxd5 12. exd5 Nb6 13. O-O-O Nfxd5 14.
Bxb6 Nxb6 15. Qxb4 Be7 16. f4 O-O 17. fxe5 dxe5 18. Rxd8 Bxb4 19. Rxf8+ Kxf8
20. Bd3 a5 21. c3 Be7 22. Kc2 a4 23. Nd2 Nd5 24. Nc4 Rc8 25. Nxe5 a3 26. Be4
Bd6 27. Nd7+ Ke7 28. Bxd5 Kxd7 29. Bxf7 axb2 30. Kxb2 Be5 31. Rc1 Bxh2 32.
a4 Be5 33. Bd5 Kd6 34. Bf3 Kc5 35. Kb3 Rb8+ 36. Kc2 Bf6 37. Ra1 Kb6 38. Rb1+
Ka7 39. Rb4 Rc8 40. c4 Rb8 41. Rxb8 Kxb8 42. Kd3 g6 43. c5 h5 44. Kc4 hxg4
45. Bxg4 Be5 46. Kd5 Bf4 47. Kc6 g5 48. a5 Bg3 49. Kb6 Bc7+ 50. Kb5 Bf4 51.
Bf3 Bg3 {Game drawn by mutual agreement} 1/2-1/2

[Event "ICC tourney 2050 (75 10)"]
[Site "Internet Chess Club"]
[Date "2020.10.10"]
[Round "3"]
[White "Darnoc"]
[Black "HansNiemann"]
[Result "0-1"]
[ICCResult "White resigns"]
[WhiteElo "2622"]
[BlackElo "2640"]
[Opening "QGD: exchange, positional line"]
[ECO "D35"]
[NIC "QO.16"]
[Time "14:47:03"]
[TimeControl "4500+10"]

1. d4 Nf6 2. c4 e6 3. Nc3 d5 4. cxd5 exd5 5. Bg5 Bb4 6. e3 O-O 7. Bd3 h6 8.
Bh4 Be6 9. Ne2 Nbd7 10. O-O Bd6 11. f3 c5 12. Rc1 Qb8 13. dxc5 Bxc5 14. Nd4
Re8 15. Ncb5 Bb6 16. Qc2 Ne5 17. Bxf6 gxf6 18. Kh1 a6 19. Nc3 Bxd4 20. exd4
Nxd3 21. Qxd3 Qf4 22. Ne2 Qg5 23. f4 Bf5 24. Qg3 Qg6 25. Nc3 Qxg3 26. hxg3
Red8 27. Rfe1 Rac8 28. Kg1 Rc4 29. Rcd1 b5 30. Rd2 b4 31. Na4 Be4 32. Nc5 f5
33. b3 Rc3 34. Nxa6 Rd6 35. Nxb4 Rb6 36. Rxe4 dxe4 37. Nd5 Rd3 38. Re2 Rb5
39. Ne3 Rxd4 40. Rc2 Kg7 41. Kf2 Kg6 42. Ke2 f6 43. Rc8 Rd7 44. Rc3 Ra5 45.
a4 Ra8 46. Nc4 Rb8 47. Na5 Rbd8 48. Rc2 Rb8 49. Rc4 Kh5 50. b4 Ra8 51. Rc3
Kg4 52. Kf2 Rd2+ 53. Kf1 Ra2 54. Kg1 Rd8 55. Rc7 Kxg3 56. Rg7+ Kxf4 57. Nc6
Rd1+ 58. Kh2 Raa1 59. g3+ Kf3 {White resigns} 0-1

[Event "ICC tourney 2050 (75 10)"]
[Site "Internet Chess Club"]
[Date "2020.10.10"]
[Round "3"]
[White "espark"]
[Black "Blue-Elephant1"]
[Result "1-0"]
[ICCResult "Black resigns"]
[WhiteElo "2321"]
[BlackElo "2090"]
[Opening "Sicilian: Kan, Maróczy bind (Réti variation)"]
[ECO "B41"]
[NIC "SI.41"]
[Time "14:46:56"]
[TimeControl "4500+10"]

1. e4 c5 2. Nf3 e6 3. d4 cxd4 4. Nxd4 a6 5. c4 Nf6 6. Nc3 Qc7 7. Be2 b6 8.
O-O Bb7 9. f3 Bd6 10. Kh1 Bxh2 11. f4 Bg3 12. Qd3 Bh4 13. Qh3 Nxe4 14. Nxe4
Be7 15. Qe3 Nc6 16. Nb3 O-O 17. Bd2 d5 18. cxd5 exd5 19. Nf2 d4 20. Qg3 f5
21. Nd3 Bf6 22. Bf3 Nd8 23. Rac1 Qd7 24. Rfe1 Re8 25. Rxe8+ Qxe8 26. Rc7 Be4
27. Ne5 Ne6 28. Rc1 Rc8 29. Re1 Bxe5 30. fxe5 Qc6 31. Qf2 Qd5 32. Qe2 Bxf3
33. Qxf3 Qxf3 34. gxf3 Rc2 35. Bc1 g5 36. Rd1 Kf7 37. Rd3 h5 38. Bd2 Rxb2
39. Bb4 g4 40. fxg4 hxg4 41. Bd6 Rxa2 42. Nxd4 Nxd4 43. Rxd4 Ke6 44. Bc7 b5
45. Rd6+ Ke7 46. Bd8+ Ke8 47. Bf6 Kf7 48. Bh4 Re2 49. Rf6+ Ke8 50. Re6+ Kd7
51. Rd6+ Kc8 52. e6 Kc7 53. Rxa6 Kb7 54. Rd6 Kc7 55. Bg3 Kc8 56. Rb6 Kd8 57.
Rc6 Ke7 58. Bh4+ Kf8 59. Rc8+ Kg7 60. e7 Kf7 61. Rf8+ {Black resigns} 1-0

[Event "ICC tourney 2050 (75 10)"]
[Site "Internet Chess Club"]
[Date "2020.10.10"]
[Round "3"]
[White "wolfchess1"]
[Black "Kyle2007"]
[Result "0-1"]
[ICCResult "White resigns"]
[WhiteElo "2049"]
[BlackElo "2039"]
[Opening "Sicilian: accelerated fianchetto, modern variation with Bc4"]
[ECO "B35"]
[NIC "SI.33"]
[Time "14:46:49"]
[TimeControl "4500+10"]

1. e4 c5 2. Nf3 g6 3. d4 cxd4 4. Nxd4 Nc6 5. Nc3 Bg7 6. Be3 Nf6 7. Bc4 O-O
8. Bb3 a5 9. f3 d5 10. exd5 Nb4 11. Nde2 a4 12. Nxa4 Nfxd5 13. Bf2 Bf5 14.
g4 Nxc2+ 15. Bxc2 Qa5+ 16. Qd2 Bxc2 17. Qxa5 Rxa5 18. Nac3 Nxc3 19. Nxc3 Rc8
20. Kd2 Ba4 21. Be3 Bc6 22. Rhf1 Rd8+ 23. Ke1 Rd3 24. Ke2 Rxc3 25. bxc3 Bb5+
26. Kf2 Bxf1 27. Kxf1 Bxc3 28. Rb1 b5 29. a3 Rxa3 30. Rxb5 Kg7 31. Bc5 Ra1+
32. Kg2 Ra2+ 33. Kg1 Bf6 34. f4 h6 35. Rb7 Re2 36. h3 Re4 37. Kg2 Rxf4 38.
Bxe7 Bxe7 39. Rxe7 Kf6 40. Rb7 Ra4 41. Rb5 Re4 42. Kg3 Re3+ 43. Kg2 Re5 44.
Rb7 Re7 45. Rb5 Re5 46. Rb7 h5 47. gxh5 Rxh5 48. Rb6+ Kg5 49. Rb5+ f5 50.
Kg3 Rh4 51. Ra5 Re4 52. Ra6 Re3+ 53. Kg2 f4 54. h4+ Kh5 55. Rf6 Rg3+ 56. Kf2
Rg4 57. Kf3 Kxh4 58. Rb6 Kh5 59. Rb8 Rh4 60. Ra8 Kh6 61. Rb8 Kg5 62. Rb5+
Kf6 63. Rb6+ Kf7 64. Rb7+ Kf8 65. Rb8+ Kg7 66. Rb7+ Kh6 67. Rb8 Kh5 68. Ra8
Rh3+ 69. Kxf4 g5+ 70. Kf5 Rf3+ 71. Ke4 g4 72. Rh8+ Kg5 73. Rg8+ Kh4 74. Rh8+
Kg3 75. Rg8 Rf7 76. Rg6 Kh3 77. Ke3 g3 78. Ke2 g2 79. Rh6+ Kg3 80. Rg6+ Kh2
81. Rh6+ Kg1 82. Rh8 Re7+ 83. Kd1 Re5 84. Rh7 Kf2 85. Rf7+ Kg3 86. Rg7+ Kf3
87. Kd2 Re4 88. Rf7+ Rf4 89. Rg7 Rg4 90. Rf7+ Kg3 {White resigns} 0-1

[Event "ICC tourney 2050 (75 10)"]
[Site "Internet Chess Club"]
[Date "2020.10.10"]
[Round "3"]
[White "JasonModer"]
[Black "profofchess"]
[Result "1-0"]
[ICCResult "Black resigns"]
[WhiteElo "2515"]
[BlackElo "2257"]
[Opening "Benoni defense"]
[ECO "A61"]
[NIC "QI.01"]
[Time "14:46:50"]
[TimeControl "4500+10"]

1. d4 Nf6 2. c4 e6 3. Nf3 c5 4. d5 exd5 5. cxd5 d6 6. Nc3 g6 7. Bf4 a6 8. a4
Bg7 9. e3 O-O 10. h3 Qe7 11. Be2 Nbd7 12. O-O Ne8 13. Nd2 Ne5 14. Bh2 f5 15.
a5 Rb8 16. Na4 Bd7 17. Qb3 Qd8 18. Nb6 Nc7 19. Ndc4 Nxc4 20. Nxd7 Nd2 21.
Qa4 Nxf1 22. Rxf1 Qe7 23. Nxb8 Rxb8 24. b4 cxb4 25. Qxb4 Be5 26. Bxe5 Qxe5
27. Qb6 Nxd5 28. Qa7 Rc8 29. Qxb7 Rc5 30. Qxa6 Nc3 31. Bc4+ Kg7 32. Qb7+ Kh6
33. a6 Nb5 34. Bd3 Nc7 35. a7 Qd5 36. Ba6 Qg8 37. Qb8 Qa2 38. a8=Q Nxa8 39.
Qxa8 Ra5 40. Qf8+ {Black resigns} 1-0

[Event "ICC tourney 2050 (75 10)"]
[Site "Internet Chess Club"]
[Date "2020.10.10"]
[Round "3"]
[White "Openyagami"]
[Black "Aleksandrov73"]
[Result "1-0"]
[ICCResult "Black resigns"]
[WhiteElo "2594"]
[BlackElo "2638"]
[Opening "English: Neo-Catalan accepted"]
[ECO "A13"]
[NIC "RE.10"]
[Time "14:58:57"]
[TimeControl "4500+10"]

1. Nf3 Nf6 2. c4 e6 3. g3 d5 4. Bg2 dxc4 5. Qa4+ Nbd7 6. Qxc4 c5 7. Qb3 Rb8
8. d3 Bd6 9. a4 b6 10. Nc3 a6 11. Nd2 O-O 12. Nc4 Bc7 13. O-O Ne5 14. h3 Bb7
15. Bxb7 Rxb7 16. Nxe5 Bxe5 17. Qc4 Qb8 18. Bg5 Nd7 19. Kg2 b5 20. axb5 axb5
21. Qe4 h6 22. Be3 Nf6 23. Qf3 Rc8 24. Ra6 Ra7 25. Rxa7 Qxa7 26. Nxb5 Qa2
27. Na3 Bxb2 28. Nc4 Bd4 29. Bd2 Nd7 30. Bf4 Bf6 31. Bd6 Qb3 32. Bf4 Qa2 33.
Qb7 Rd8 34. Bc7 Re8 35. Qc6 Qa8 36. Qxa8 Rxa8 37. Rb1 Be7 38. Rb7 Bf8 39.
Bf4 Rd8 40. Bc7 Rc8 41. e4 Nf6 42. Kf3 Ne8 43. Bb8 Rd8 44. Ke3 Nd6 45. Bxd6
Bxd6 46. Nxd6 Rxd6 47. Rc7 g6 48. Rxc5 h5 49. h4 Ra6 50. Rc3 Kf8 51. d4 Ra5
52. Kf4 Ke7 53. f3 Kf6 54. Rc6 Kg7 55. Rc3 Kf6 56. Rd3 Ra4 57. g4 hxg4 58.
fxg4 Ra1 59. g5+ Ke7 60. Ke5 Rh1 61. Ra3 Rxh4 62. d5 exd5 63. exd5 Rg4 64.
Ra7+ Kf8 65. Ra8+ Ke7 66. d6+ Kd7 67. Ra7+ Ke8 68. Kd5 Rg1 69. Re7+ Kd8 70.
Rxf7 Ke8 71. Rg7 Rd1+ 72. Ke6 Re1+ 73. Kf6 Rd1 74. d7+ Kd8 75. Kxg6 Rd6+ 76.
Kh7 Rd5 77. Kh6 Rf5 78. g6 {Black resigns} 1-0

[Event "ICC tourney 2050 (75 10)"]
[Site "Internet Chess Club"]
[Date "2020.10.10"]
[Round "3"]
[White "Enamul"]
[Black "Dking135799"]
[Result "1-0"]
[ICCResult "Black resigns"]
[WhiteElo "2481"]
[BlackElo "2247"]
[Opening "Ruy Lopez: Worrall attack, solid line"]
[ECO "C77"]
[NIC "RL.12"]
[Time "14:46:47"]
[TimeControl "4500+10"]

1. e4 e5 2. Nf3 Nc6 3. Bb5 a6 4. Ba4 Nf6 5. Qe2 b5 6. Bb3 Be7 7. O-O d6 8.
c3 O-O 9. Rd1 Bg4 10. h3 Bh5 11. d3 Re8 12. Nbd2 d5 13. Nf1 h6 14. Ng3 Bg6
15. Nh4 Bh7 16. Nhf5 Bf8 17. Qf3 d4 18. a3 Na5 19. Ba2 c5 20. cxd4 cxd4 21.
Bd2 Nb7 22. Rac1 Nc5 23. b4 Ne6 24. Rc6 Kh8 25. Rdc1 Bg8 26. Ne2 Nh7 27. Qg3
f6 28. Bd5 Ra7 29. Qg4 Qd7 30. Neg3 Nd8 31. Rc8 Bxd5 32. exd5 Qxd5 33. Nh4
Qd7 34. Ng6+ Kg8 35. Nf5 Kf7 36. Bxh6 Ne6 37. Rxe8 Kxe8 38. Bd2 Nhg5 39.
Bxg5 Nxg5 40. Rc8+ Qxc8 41. Nd6+ Bxd6 42. Qxc8+ Kf7 43. Nh8+ Ke7 44. Qg8 Rc7
45. Ng6+ Kd7 46. Qxg7+ Ke6 47. Qg8+ Kd7 48. f4 exf4 49. h4 Rc1+ 50. Kf2 Rc2+
51. Kf1 f3 52. hxg5 fxg2+ 53. Kg1 fxg5 54. Qd5 Kc7 55. Ne5 {Black resigns}
1-0

[Event "ICC tourney 2050 (75 10)"]
[Site "Internet Chess Club"]
[Date "2020.10.10"]
[Round "3"]
[White "InfernoKing"]
[Black "zuz1209"]
[Result "1/2-1/2"]
[ICCResult "Game drawn by mutual agreement"]
[WhiteElo "2165"]
[BlackElo "2230"]
[Opening "French: Albin-Alekhine-Châtard attack, Breyer variation"]
[ECO "C13"]
[NIC "FR.06"]
[Time "14:46:48"]
[TimeControl "4500+10"]

1. e4 e6 2. d4 d5 3. Nc3 Nf6 4. Bg5 Be7 5. e5 Nfd7 6. h4 c5 7. Bxe7 Kxe7 8.
f4 a6 9. Nf3 Nc6 10. Qd2 cxd4 11. Nxd4 Nxd4 12. Qxd4 Qb6 13. O-O-O Qxd4 14.
Rxd4 Nc5 15. b4 Nd7 16. Rh3 Nb6 17. Rg3 g6 18. a4 Bd7 19. a5 Nc8 20. Na2 b6
21. Rc3 Na7 22. axb6 Nc6 23. Rd1 Rab8 24. Ra3 Rxb6 25. Rxa6 Rxa6 26. Bxa6
Rb8 27. c3 Ra8 28. b5 Na7 29. b6 Nb5 30. Bxb5 Bxb5 31. Rd2 Rb8 32. Rb2 Rxb6
33. c4 Rc6 34. Rxb5 Rxc4+ 35. Kd1 Rd4+ 36. Ke2 Rxf4 37. Rb4 Rf5 38. Rb7+ Kf8
39. Nb4 Rxe5+ 40. Kf3 Rf5+ 41. Ke3 Re5+ 42. Kf3 h5 43. Nd3 Rf5+ 44. Ke2 Kg7
45. Rb4 g5 46. g3 Kf6 47. Ra4 Kg7 48. hxg5 Rxg5 49. Kf3 Rf5+ 50. Rf4 Rg5 51.
Rh4 Rf5+ 52. Ke3 Rg5 53. Kf3 Rf5+ {Game drawn by mutual agreement} 1/2-1/2

[Event "ICC tourney 2050 (75 10)"]
[Site "Internet Chess Club"]
[Date "2020.10.10"]
[Round "3"]
[White "milindm"]
[Black "WonderZ"]
[Result "1-0"]
[ICCResult "Black resigns"]
[WhiteElo "2262"]
[BlackElo "2093"]
[Opening "King's Indian: Makagonov system (5.h3)"]
[ECO "E71"]
[NIC "KI.31"]
[Time "14:46:51"]
[TimeControl "4500+10"]

1. d4 Nf6 2. c4 g6 3. Nc3 Bg7 4. e4 d6 5. h3 a5 6. Nf3 O-O 7. Bg5 c6 8. Be2
Na6 9. e5 dxe5 10. Nxe5 Nc7 11. O-O Nfe8 12. Be3 Nd6 13. Qd2 Nf5 14. Rfd1
Ne6 15. Nf3 Qc7 16. Rac1 Nxe3 17. fxe3 f5 18. Bf1 Bd7 19. Qf2 Rad8 20. Nd5
cxd5 21. cxd5 Qd6 22. dxe6 Bxe6 23. b3 Kh8 24. Bc4 Bd7 25. a4 e6 26. Qh4 Bf6
27. Qf4 Qe7 28. Qc7 g5 29. Qxa5 g4 30. hxg4 fxg4 31. Ne5 Bh4 32. Rf1 Bg3 33.
Nxd7 Qxd7 34. Qg5 Bc7 35. Qxg4 Qd6 36. Qh3 e5 37. Bd3 Rxf1+ 38. Rxf1 Rd7 39.
Rf8+ Kg7 40. Rc8 Kf6 41. Qf5+ Ke7 42. Qf8+ Ke6 43. Bc4+ {Black resigns} 1-0

[Event "ICC tourney 2050 (75 10)"]
[Site "Internet Chess Club"]
[Date "2020.10.10"]
[Round "3"]
[White "visdus"]
[Black "SkyAngel"]
[Result "1-0"]
[ICCResult "Black forfeits on time"]
[WhiteElo "2142"]
[BlackElo "2144"]
[Opening "Caro-Kann: Tartakower (Nimzovich) variation"]
[ECO "B15"]
[NIC "CK.06"]
[Time "14:46:59"]
[TimeControl "4500+10"]

1. e4 c6 2. d4 d5 3. Nd2 dxe4 4. Nxe4 Nf6 5. Nxf6+ exf6 6. Nf3 Bd6 7. g3 O-O
8. Bg2 Re8+ 9. Be3 Be6 10. O-O Nd7 11. a4 Nb6 12. b3 Nd5 13. Bd2 a5 14. c4
Nb4 15. Ne1 Bf5 16. c5 Bc7 17. Bxb4 axb4 18. Qd2 Ba5 19. Rd1 Be6 20. Qd3 Qd7
21. Nc2 Bg4 22. Ne3 Bxd1 23. Rxd1 Rad8 24. Nc4 Bc7 25. Qd2 Qg4 26. Ne3 Qh5
27. Rc1 f5 28. Qxb4 f4 29. Nc4 fxg3 30. hxg3 Rb8 31. Nd6 Bxd6 32. cxd6 Red8
33. Qc5 Qg6 34. d5 cxd5 35. Bxd5 b6 36. Qc7 Qxd6 37. Qxf7+ Kh8 38. Rc7 Qe5
39. Re7 Qd4 40. Qh5 Rf8 41. Re2 g6 42. Qe5+ Qxe5 43. Rxe5 Rbe8 44. Rg5 Re1+
45. Kg2 Re2 46. Bf3 Re6 47. Bd5 Ref6 48. f4 Re8 49. Bc4 Kg7 50. a5 bxa5 51.
Rxa5 Re7 52. Rc5 Rf8 53. b4 Rb7 54. b5 Kf6 55. Bd5 Rbb8 56. Rc6+ Ke7 57. b6
{Black forfeits on time}
1-0

[Event "ICC tourney 2050 (75 10)"]
[Site "Internet Chess Club"]
[Date "2020.10.10"]
[Round "3"]
[White "PeterProhaszka"]
[Black "aplusk"]
[Result "0-1"]
[ICCResult "White resigns"]
[WhiteElo "2564"]
[BlackElo "2585"]
[Opening "English: Caro-Kann defensive system"]
[ECO "A11"]
[NIC "RE.07"]
[Time "14:47:00"]
[TimeControl "4500+10"]

1. c4 c6 2. Nf3 d5 3. g3 Bg4 4. Qb3 Qb6 5. Ne5 Be6 6. d3 f6 7. Nf3 dxc4 8.
dxc4 Na6 9. Be3 Qxb3 10. axb3 Bf5 11. Nd4 Bd7 12. Bg2 Nb4 13. Na3 e5 14.
Ndc2 Bf5 15. Nxb4 Bxb4+ 16. Bd2 a5 17. Nb1 O-O-O 18. Bxb4 axb4 19. Nd2 Ne7
20. Be4 Be6 21. Ra4 Kc7 22. Rxb4 Rd7 23. Nb1 f5 24. Bc2 h5 25. h4 Ra8 26.
Ra4 Rxa4 27. bxa4 Bxc4 28. f3 Be6 29. Kf2 Rd4 30. b3 Rb4 31. Nd2 c5 32. e4
g6 33. Re1 Nc6 34. exf5 gxf5 35. Re3 Kd6 36. Rc3 b6 37. Bd3 Na5 38. Bc2 Ke7
39. Bd1 Rd4 40. Ke1 f4 41. gxf4 Rxf4 42. Ne4 Rxh4 43. b4 Rh1+ 44. Ke2 cxb4
45. Rc7+ Kd8 46. Rh7 b3 47. Rh6 b2 48. Nc3 Ke7 49. Rh7+ Kf8 50. Rh6 Kf7 51.
Rh7+ Kg6 52. Re7 Kf6 53. Rh7 Rh2+ 54. Ke1 Bf5 55. Rh6+ Bg6 56. Rh8 b1=Q 57.
Nxb1 Bxb1 58. Be2 Ba2 59. Rh6+ Kg5 60. Rxb6 Bc4 61. Bd1 Kf4 62. Rg6 Ke3 63.
Rg1 h4 64. f4 exf4 65. Bh5 f3 66. Bxf3 Kxf3 67. Rg5 Nb3 68. Rf5+ Ke4 69. Rh5
Nd4 70. a5 Bd3 {White resigns} 0-1

[Event "ICC tourney 2050 (75 10)"]
[Site "Internet Chess Club"]
[Date "2020.10.10"]
[Round "4"]
[White "creepycrawlies"]
[Black "funplaychess"]
[Result "1/2-1/2"]
[ICCResult "Game drawn by mutual agreement"]
[WhiteElo "2147"]
[BlackElo "2327"]
[Opening "Nimzo-Indian: classical variation"]
[ECO "E32"]
[NIC "NI.20"]
[Time "18:32:55"]
[TimeControl "4500+10"]

1. d4 Nf6 2. c4 e6 3. Nc3 Bb4 4. Qc2 O-O 5. a3 Bxc3+ 6. Qxc3 b6 7. Bg5 Bb7
8. e3 d6 9. Ne2 Nbd7 10. Qc2 c5 11. Rd1 Qe7 12. Nc3 cxd4 13. Rxd4 Rfd8 14.
f3 d5 15. cxd5 exd5 16. Kf2 Nc5 17. Qf5 Ne6 18. Bxf6 Qxf6 19. Qxf6 gxf6 20.
Rg4+ Kh8 21. Bd3 d4 22. exd4 Nxd4 23. Rd1 Ne6 24. Rh4 Nf8 25. Be4 Rxd1 26.
Nxd1 Rd8 27. Nc3 Ng6 28. Bxg6 fxg6 29. Ke3 Kg7 30. Rd4 Re8+ 31. Kf2 Re7 32.
Nd5 Bxd5 33. Rxd5 Rc7 34. Rd2 f5 35. Ke3 Kf6 36. f4 Re7+ 37. Kf3 Rc7
{Game drawn by mutual agreement}
1/2-1/2

[Event "ICC tourney 2050 (75 10)"]
[Site "Internet Chess Club"]
[Date "2020.10.10"]
[Round "4"]
[White "DonaldJ"]
[Black "InfernoKing"]
[Result "1-0"]
[ICCResult "Black resigns"]
[WhiteElo "2106"]
[BlackElo "2154"]
[Opening "Ruy Lopez: Marshall, main line, 14...Qh3"]
[ECO "C89"]
[NIC "RL.17"]
[Time "18:33:51"]
[TimeControl "4500+10"]

1. e4 e5 2. Nf3 Nc6 3. Bb5 a6 4. Ba4 Nf6 5. O-O Be7 6. Re1 b5 7. Bb3 O-O 8.
c3 d5 9. exd5 Nxd5 10. Nxe5 Nxe5 11. Rxe5 c6 12. d4 Bd6 13. Re1 Qh4 14. g3
Qh3 15. Qe2 Bg4 16. Qf1 Qh5 17. Nd2 Rfe8 18. Rxe8+ Rxe8 19. f3 Bh3 20. Qf2
Qf5 21. Ne4 Bc7 22. Ng5 h6 23. Nxh3 Qxh3 24. Bd2 Qf5 25. Re1 Rxe1+ 26. Bxe1
Qg6 27. Bc2 Qe6 28. Bd2 Nb6 29. Qe3 Qd7 30. Qe4 Nc4 31. Bc1 g6 32. Bb3 Nd6
33. Qxg6+ Kf8 34. Bxh6+ Ke7 35. Bg5+ Kf8 36. Qh6+ Kg8 37. Bf6 {Black
resigns} 1-0

[Event "ICC tourney 2050 (75 10)"]
[Site "Internet Chess Club"]
[Date "2020.10.10"]
[Round "4"]
[White "kurumania"]
[Black "PeterProhaszka"]
[Result "0-1"]
[ICCResult "White resigns"]
[WhiteElo "2515"]
[BlackElo "2678"]
[Opening "Caro-Kann: two knights variation"]
[ECO "B11"]
[NIC "CK.01"]
[Time "18:33:03"]
[TimeControl "4500+10"]

1. e4 c6 2. Nc3 d5 3. Nf3 dxe4 4. Nxe4 Nf6 5. Qe2 Nxe4 6. Qxe4 Nd7 7. Bc4
Nf6 8. Ne5 e6 9. Qe2 b5 10. Bb3 Qc7 11. a4 Bd6 12. d4 O-O 13. axb5 cxb5 14.
Qxb5 a5 15. Qe2 Ba6 16. Bc4 Bxe5 17. Bxa6 Bxd4 18. O-O Rxa6 19. Qxa6 Ng4 20.
Rd1 Qxh2+ 21. Kf1 Qh4 22. g3 Qh1+ 23. Ke2 Qe4+ 24. Kf1 Qf3 {White resigns}
0-1

[Event "ICC tourney 2050 (75 10)"]
[Site "Internet Chess Club"]
[Date "2020.10.10"]
[Round "4"]
[White "HansNiemann"]
[Black "NyzhnykIllia"]
[Result "1/2-1/2"]
[ICCResult "Game drawn by mutual agreement"]
[WhiteElo "2573"]
[BlackElo "2713"]
[Opening "English opening: Agincourt variation"]
[ECO "A13"]
[NIC "QP.09"]
[Time "18:32:48"]
[TimeControl "4500+10"]

1. Nf3 d5 2. c4 e6 3. d4 Nf6 4. g3 Bb4+ 5. Bd2 Bd6 6. Bg2 O-O 7. O-O c6 8.
Nc3 Nbd7 9. e4 dxe4 10. Ng5 e5 11. Ngxe4 Nxe4 12. Nxe4 Be7 13. d5 cxd5 14.
cxd5 Nc5 15. d6 Bxd6 16. Bg5 Be7 17. Qxd8 Bxd8 18. Bxd8 Nxe4 19. Bc7 f5 20.
Rfe1 Re8 21. Bxe4 fxe4 22. Rxe4 Bh3 23. Rae1 Rac8 24. Bxe5 Rc2 25. R4e2 Rxe2
26. Rxe2 g5 27. f3 Bd7 28. Kf2 Bc6 29. Re3 Kf7 30. Bd4 a6 31. Rc3 Kg6 32.
Be3 Rf8 33. f4 g4 34. Rd3 Kf5 35. Rd6 Rf6 36. Rd8 Rh6 37. Kg1 Re6 38. Rf8+
Ke4 39. f5 Re5 40. Kf2 {Game drawn by mutual agreement} 1/2-1/2